 Dungeon Crawl Stone Soup version 0.22-a0-422-g9628fc8 (webtiles) character file.

15 4thArraOfDagon the Magician (level 2, 0/19 HPs)
             Began as a Mummy Fire Elementalist on May 16, 2018.
             Slain by a goblin
             ... wielding a +0 dagger
             ... led by Robin
              (4 damage)
             ... on level 1 of the Dungeon.
             The game lasted 00:01:34 (439 turns).

4thArraOfDagon the Magician (MuFE)                   Turns: 439, Time: 00:01:35

Health: 0/19       AC:  2    Str: 11    XL:     2   Next: 34%
Magic:  1/6        EV: 12    Int: 14    God:
Gold:   0          SH:  0    Dex: 12    Spells: 6/7 levels left

rFire    x . .     SeeInvis .   (no weapon)
rCold    + . .     Gourm    .   (no shield)
rNeg     + + +     Faith    .   a - +0 robe
rPois    ∞         Spirit   .   (no helmet)
rElec    .         Reflect  .   (no cloak)
rCorr    .         Harm     .   (no gloves)
MR       .....                  (no boots)
Stlth    ++........             (no amulet)
HPRegen  0.06/turn              (no ring)
MPRegen  0.10/turn              (no ring)

@: very slightly contaminated
A: no food or potions, fire vulnerability, cold resistance 1, negative energy
resistance 3, torment resistance, unbreathing
a: no special abilities


You were on level 1 of the Dungeon.
You were not hungry.

You visited 1 branch of the dungeon, and saw 2 of its levels.

Inventory:

Armour
 a - a +0 robe (worn)
Scrolls
 b - 3 scrolls of teleportation {unknown}
 c - a scroll of blinking {unknown}


   Skills:
 - Level 1.5 Dodging
 - Level 1.5 Stealth
 + Level 3.0 Spellcasting
 * Level 1.3 Conjurations
 * Level 2.7 Fire Magic


You had 6 spell levels left.
You knew the following spells:

 Your Spells              Type           Power        Failure   Level  Hunger
a - Flame Tongue          Conj/Fire      #....        10%         1    N/A

Your spell library contained the following spells:

 Spells                   Type           Power        Failure   Level  Hunger
 Fireball                 Conj/Fire      #.........   95%         5    N/A
 Conjure Flame            Conj/Fire      #.......     28%         3    N/A
 Throw Flame              Conj/Fire      #.....       14%         2    N/A
 Sticky Flame             Conj/Fire      #.......     67%         4    N/A
 Inner Flame              Hex/Fire       #.......     36%         3    N/A

Dungeon Overview and Level Annotations

Branches:
Dungeon (2/15)

Altars:

Annotations:
D:2 Robin


Innate Abilities, Weirdness & Mutations

You do not eat or drink.
Your flesh is vulnerable to fire.
You are immune to poison.
Your flesh is cold resistant. (rC+)
You are immune to negative energy. (rN+++)
You are immune to unholy pain and torment.
You can survive without breathing.


Message History

Aim: a goblin, wielding a dagger You miscast Flame Tongue.
You are very lightly contaminated with residual magic.
Nothing appears to happen.
The goblin hits you with a dagger.
* * * LOW HITPOINT WARNING * * *
Casting: Flame Tongue (safe; 10% risk of failure)
Confirm with . or Enter, or press ? or * to list all spells.
Aiming: Flame Tongue (safe; 10% risk of failure)
Press: ? - help, Shift-Dir - straight line, f/p - goblin
Aim: a goblin, wielding a dagger The flame tongue misses the goblin.
The goblin completely misses you.
Casting: Flame Tongue (safe; 10% risk of failure)
Confirm with . or Enter, or press ? or * to list all spells.
Aiming: Flame Tongue (safe; 10% risk of failure)
Press: ? - help, Shift-Dir - straight line, f/p - goblin
Aim: a goblin, wielding a dagger The flame tongue hits the goblin.
The goblin is moderately wounded.
The goblin hits you with a dagger.
You die...

.. #.# #....# .
#.#####....# ###.
#..........#
.....#+#...)......#
..##..........#...#
...............÷..##
#..................#
#.........(........######
#.............#.@........
#.............#g#>#######
..............#.#.#
####.....####+#...#
#...........####
##+###......# ####
#......# #..# #......#
#..# #......#


You could see a goblin.

Vanquished Creatures
  A dart slug (D:2)
  A giant cockroach (D:2)
  3 goblins
  A hobgoblin (D:2)
  A bat (D:1)
  2 kobolds (D:2)
  6 rats
15 creatures vanquished.

Notes
Turn   | Place    | Note
-------+----------+-------------------------------------------
     0 | D:1      | 4thArraOfDagon the Mummy Fire Elementalist began the quest for the Orb.
     0 | D:1      | Reached XP level 1. HP: 13/13 MP: 4/4
   139 | D:1      | Reached skill level 1 in Conjurations
   198 | D:2      | Reached XP level 2. HP: 14/19 MP: 0/5
   407 | D:2      | Noticed Robin
   413 | D:2      | Reached skill level 3 in Spellcasting
   439 | D:1      | Slain by a goblin

Vault maps used:
D:1:      dpeg_arrival_rooms_a
D:2:      minmay_overflow_temple_star_quad, uniq_terence, uniq_robin

Skill      XL: |  1  2 |
---------------+-------+-----
Conjurations   | 1 |  1.3
Spellcasting   | 3 |  3.0
Dodging        | |  1.5
Stealth        | |  1.5
Fire Magic     | |  2.7

Action                   || total
-------------------------++-------
Melee: Unarmed           ||    15
 Cast: Flame Tongue      ||    25
Armor: Robe              ||     6
Dodge: Dodged            ||    22

Table legend:
 A = Spawn XP
 B = Non-spawn XP
 C = Spawn XP percentage of total XP
 D = Spawn monster count
 E = Non-spawn monster count
 F = Spawn count percentage of total count
 G = Total turns spent on level
                    A         B        C        D         E        F      G
               +---------+---------+-------+---------+---------+-------+---------
         Total |       0 |      22 |   0.0 |       0 |      15 |   0.0 |   439
               +---------+---------+-------+---------+---------+-------+---------
           D:1 |       0 |       5 |   0.0 |       0 |       4 |   0.0 |   154
           D:2 |       0 |      17 |   0.0 |       0 |      11 |   0.0 |   285
               +---------+---------+-------+---------+---------+-------+---------
